TOP OF THE 1ST |
Montgomery Biscuits batting - Pitching for Key West Barracudas : RHP George Bennion
|
Pitching: RHP George Bennion
|
|
Batting: RHB Glen MacDonald
|
0-0: Ball 1-0: Called Strike 1-1: Foul Ball, location: 2F 1-2: Foul Ball, location: 2F 1-2: Foul Ball, location: 2F 1-2: Foul Ball, location: 2F 1-2: Foul Ball, location: 2F 1-2: Strikes out looking
|
Batting: SHB Lawrence Farley
|
0-0: Ball 1-0: Foul Ball, location: 2F 1-1: Foul Ball, location: 2F 1-2: Ball 2-2: Ball 3-2: Foul Ball, location: 2F 3-2: Foul Ball, location: 2F 3-2: Fly out, F9 (Flyball, 9)
|
Batting: RHB Lorenzo Tamayo
|
0-0: Ball 1-0: Called Strike 1-1: Foul Ball, location: 2F 1-2: Strikes out swinging
|
Top of the 1st over - 0 run(s), 0 hit(s), 0 error(s), 0 left on base; Montgomery 0 - Key West 0 |
BOTTOM OF THE 1ST |
Key West Barracudas batting - Pitching for Montgomery Biscuits : RHP Gabriel Oliuo
|
Pitching: RHP Gabriel Oliuo
|
|
Batting: SHB Luis Manuel López
|
0-0: Called Strike 0-1: Ball 1-1: Swinging Strike 1-2: Foul Ball, location: 2F 1-2: Foul Ball, location: 2F 1-2: Ball 2-2: Foul Ball, location: 2F 2-2: Foul Ball, location: 2F 2-2: Ball 3-2: Strikes out swinging
|
Batting: SHB Héctor Jiménez
|
0-0: Ball 1-0: Foul Ball, location: 2F 1-1: Ball 2-1: Foul Ball, location: 2F 2-2: Fly out, F3 (Line Drive, 34S)
|
Batting: RHB Frederick Chamberlain
|
0-0: Called Strike 0-1: Foul Ball, location: 2F 0-2: Strikes out swinging
|
Bottom of the 1st over - 0 run(s), 0 hit(s), 0 error(s), 0 left on base; Montgomery 0 - Key West 0 |
TOP OF THE 2ND |
Montgomery Biscuits batting - Pitching for Key West Barracudas : RHP George Bennion
|
Batting: SHB Marvin López
|
0-0: Swinging Strike 0-1: Ball 1-1: Ball 2-1: Swinging Strike 2-2: Fly out, F8 (Flyball, 8LXD)
|
Batting: SHB Joe Pierce
|
0-0: Ball 1-0: SINGLE (Flyball, 7S)
|
Batting: SHB Wilson Bray
|
0-0: Ball 1-0: Foul Ball, location: 2F 1-1: Ball 2-1: Called Strike 2-2: Ball 3-2: Base on Balls Joe Pierce to second
|
Batting: SHB Kenneth Cruz
|
0-0: Ball 1-0: Foul Ball, location: 2F 1-1: Ball 2-1: Foul Ball, location: 2F 2-2: Foul Ball, location: 2F 2-2: Foul Ball, location: 2F 2-2: Strikes out swinging
|
Batting: SHB Pancho Ruíz
|
0-0: Called Strike 0-1: Ball 1-1: Called Strike 1-2: Ball 2-2: Ground out 1-3 (Groundball, 13)
|
Top of the 2nd over - 0 run(s), 1 hit(s), 0 error(s), 2 left on base; Montgomery 0 - Key West 0 |
BOTTOM OF THE 2ND |
Key West Barracudas batting - Pitching for Montgomery Biscuits : RHP Gabriel Oliuo
|
Batting: SHB Dan Dunn
|
0-0: Swinging Strike 0-1: Foul Ball, location: 2F 0-2: Strikes out swinging
|
Batting: RHB Ramón Díaz
|
0-0: Foul Ball, location: 2F 0-1: SINGLE (Line Drive, 34D)
|
Batting: SHB Jacob Knapp
|
0-0: Called Strike 0-1: Ball 1-1: Ball 2-1: Foul Ball, location: 2F 2-2: Ball 3-2: Fielders Choice at 2nd, 4-6 (Groundball, 4)
|
Batting: RHB Anastasio Zartuche
|
0-0: Fielders Choice at 2nd, 6-4 (Groundball, 6)
|
Bottom of the 2nd over - 0 run(s), 1 hit(s), 0 error(s), 0 left on base; Montgomery 0 - Key West 0 |
TOP OF THE 3RD |
Montgomery Biscuits batting - Pitching for Key West Barracudas : RHP George Bennion
|
Batting: SHB Hoyt Norris
|
0-0: Ball 1-0: Fly out, F9 (Flyball, 9S)
|
Batting: RHB Glen MacDonald
|
0-0: Ball 1-0: Foul Ball, location: 2F 1-1: Ball 2-1: Ball 3-1: Base on Balls
|
Batting: SHB Lawrence Farley
|
0-0: Called Strike 0-1: Ball 1-1: Foul Ball, location: 2F 1-2: Strikes out looking
|
Pitching: RHP Bob Schneider
|
|
Batting: RHB Lorenzo Tamayo
|
0-0: Called Strike 0-1: Foul Ball, location: 2F 0-2: Ball 1-2: Ball 2-2: Strikes out looking
|
Top of the 3rd over - 0 run(s), 0 hit(s), 0 error(s), 1 left on base; Montgomery 0 - Key West 0 |
BOTTOM OF THE 3RD |
Key West Barracudas batting - Pitching for Montgomery Biscuits : RHP Gabriel Oliuo
|
Batting: LHB Mauro Díaz
|
0-0: Ball 1-0: Fly out, F4 (Popup, 4D)
|
Batting: RHB Júlio Cruz
|
0-0: Ball 1-0: Called Strike 1-1: Swinging Strike 1-2: Strikes out swinging
|
Batting: SHB Luis Manuel López
|
0-0: Ball 1-0: Ball 2-0: Ball 3-0: Fly out, F3 (Popup, 3L)
|
Bottom of the 3rd over - 0 run(s), 0 hit(s), 0 error(s), 0 left on base; Montgomery 0 - Key West 0 |
TOP OF THE 4TH |
Montgomery Biscuits batting - Pitching for Key West Barracudas : RHP Bob Schneider
|
Batting: SHB Marvin López
|
0-0: Foul Ball, location: 2F 0-1: Foul Ball, location: 2F 0-2: Foul Ball, location: 2F 0-2: Foul Ball, location: 2F 0-2: Ball 1-2: Fly out, F3 (Popup, 3S)
|
Batting: SHB Joe Pierce
|
0-0: Swinging Strike 0-1: Fly out, F8 (Flyball, 8RXD)
|
Batting: SHB Wilson Bray
|
0-0: Foul Ball, location: 2F 0-1: Ball 1-1: Foul Ball, location: 2F 1-2: Ball 2-2: Foul Ball, location: 2F 2-2: Ball 3-2: Strikes out swinging
|
Top of the 4th over - 0 run(s), 0 hit(s), 0 error(s), 0 left on base; Montgomery 0 - Key West 0 |
BOTTOM OF THE 4TH |
Key West Barracudas batting - Pitching for Montgomery Biscuits : RHP Gabriel Oliuo
|
Batting: SHB Héctor Jiménez
|
0-0: Ball 1-0: Called Strike 1-1: Swinging Strike 1-2: Ball 2-2: Strikes out looking
|
Batting: RHB Frederick Chamberlain
|
0-0: Called Strike 0-1: Ball 1-1: Foul Ball, location: 2F 1-2: Ball 2-2: Strikes out swinging
|
Batting: SHB Dan Dunn
|
0-0: SINGLE (Groundball, 34D)
|
Batting: RHB Ramón Díaz
|
0-0: Ball Wild Pitch! Dan Dunn to second 1-0: Ball 2-0: Ball 3-0: Called Strike 3-1: Base on Balls
|
Batting: SHB Jacob Knapp
|
0-0: Called Strike 0-1: Swinging Strike 0-2: Fly out, F8 (Flyball, 8LM)
|
Bottom of the 4th over - 0 run(s), 1 hit(s), 0 error(s), 2 left on base; Montgomery 0 - Key West 0 |
TOP OF THE 5TH |
Montgomery Biscuits batting - Pitching for Key West Barracudas : RHP Bob Schneider
|
Batting: SHB Kenneth Cruz
|
0-0: Called Strike 0-1: Foul Ball, location: 2F 0-2: Fly out, F8 (Flyball, 78S)
|
Batting: SHB Pancho Ruíz
|
0-0: Called Strike 0-1: Foul Ball, location: 2F 0-2: Ball 1-2: Strikes out swinging
|
Batting: SHB Hoyt Norris
|
0-0: Ball 1-0: Foul Ball, location: 2F 1-1: Foul Ball, location: 2F 1-2: Ball 2-2: Ball 3-2: Ground out 6-3 (Groundball, 6M)
|
Top of the 5th over - 0 run(s), 0 hit(s), 0 error(s), 0 left on base; Montgomery 0 - Key West 0 |
BOTTOM OF THE 5TH |
Key West Barracudas batting - Pitching for Montgomery Biscuits : RHP Gabriel Oliuo
|
Batting: RHB Anastasio Zartuche
|
0-0: Ball 1-0: Ball 2-0: Ball 3-0: Called Strike 3-1: Foul Ball, location: 2F 3-2: Foul Ball, location: 2F 3-2: SINGLE (Flyball, 78S)
|
Batting: LHB Mauro Díaz
|
0-0: Ball 1-0: Foul Ball, location: 2F 1-1: Foul Ball, location: 2F 1-2: SINGLE (Line Drive, 4D) Anastasio Zartuche to second
|
Batting: RHB Júlio Cruz
|
0-0: Swinging Strike 0-1: Fielders Choice at 2nd, 1-6 (Groundball, P) Anastasio Zartuche to third
|
Batting: SHB Luis Manuel López
|
0-0: Ball Júlio Cruz is caught stealing 2nd base 1-0: SINGLE (Groundball, 6) (infield hit) Anastasio Zartuche scores
|
Batting: SHB Héctor Jiménez
|
0-0: Ball Luis Manuel López is caught stealing 2nd base
|
Bottom of the 5th over - 1 run(s), 3 hit(s), 0 error(s), 0 left on base; Montgomery 0 - Key West 1 |
TOP OF THE 6TH |
Montgomery Biscuits batting - Pitching for Key West Barracudas : RHP Bob Schneider
|
Batting: RHB Glen MacDonald
|
0-0: Ball 1-0: Called Strike 1-1: Ball 2-1: Ball 3-1: SOLO HOME RUN (Flyball, 9D), Distance : 410 ft
|
Batting: SHB Lawrence Farley
|
0-0: Swinging Strike 0-1: Foul Ball, location: 2F 0-2: Ball 1-2: Foul Ball, location: 2F 1-2: Ground out 1-3 (Groundball, 13)
|
Batting: RHB Lorenzo Tamayo
|
0-0: Called Strike 0-1: Ball 1-1: Ball 2-1: Ball 3-1: Base on Balls
|
Batting: SHB Marvin López
|
0-0: Ball Balk! Lorenzo Tamayo to second 1-0: Intentional Walk
|
Pitching: RHP Dennis Grange
|
|
Batting: SHB Joe Pierce
|
0-0: SINGLE (Groundball, 34D) Lorenzo Tamayo to third Marvin López to second Runner from 3rd tries for Home, SAFE, no throw
|
Pinch Runner at 2nd Bradley Burns:
|
|
Batting: SHB Wilson Bray
|
0-0: Called Strike 0-1: Called Strike 0-2: Foul Ball, location: 2F 0-2: Ball 1-2: Strikes out swinging
|
Batting: SHB Kenneth Cruz
|
0-0: Ball 1-0: Fly out, F9 (Flyball, 89S)
|
Top of the 6th over - 2 run(s), 2 hit(s), 0 error(s), 2 left on base; Montgomery 2 - Key West 1 |
BOTTOM OF THE 6TH |
Key West Barracudas batting - Pitching for Montgomery Biscuits : RHP Gabriel Oliuo
|
Now at 1B: Frederick Curtis
|
|
Batting: SHB Héctor Jiménez
|
0-0: Called Strike 0-1: Ball 1-1: Fly out, F9 (Flyball, 9)
|
Batting: RHB Frederick Chamberlain
|
0-0: Ball 1-0: Foul Ball, location: 2F 1-1: Ball 2-1: Foul Ball, location: 2F 2-2: SINGLE (Flyball, 8LS)
|
Batting: SHB Dan Dunn
|
0-0: Called Strike 0-1: Ball 1-1: Grounds into double play, 6-4-3 (Groundball, 6)
|
Bottom of the 6th over - 0 run(s), 1 hit(s), 0 error(s), 0 left on base; Montgomery 2 - Key West 1 |
TOP OF THE 7TH |
Montgomery Biscuits batting - Pitching for Key West Barracudas : RHP Dennis Grange
|
Batting: SHB Pancho Ruíz
|
0-0: Swinging Strike 0-1: Hit by Pitch
|
Pinch Hitting: RHB Bob McDonald
|
0-0: Ball 1-0: Ball 2-0: Foul Ball, location: 2F 2-1: Foul Ball, location: 2F 2-2: Ball 3-2: Foul Ball, location: 2F 3-2: Foul Ball, location: 2F 3-2: Foul Ball, location: 2F 3-2: Foul Ball, location: 2F 3-2: Base on Balls Pancho Ruíz to second
|
Pinch Runner at 2nd Reinaldo Amarante:
|
|
Batting: RHB Glen MacDonald
|
0-0: Swinging Strike 0-1: Foul Ball, location: 2F 0-2: Ball 1-2: Foul Ball, location: 2F 1-2: Ball 2-2: Strikes out swinging
|
Batting: SHB Lawrence Farley
|
0-0: Foul Ball, location: 2F 0-1: Ball 1-1: Ground out U3 (Groundball, 2R) Reinaldo Amarante to third Bob McDonald to second
|
Batting: RHB Lorenzo Tamayo
|
0-0: Ball 1-0: Foul Ball, location: 2F 1-1: Ball 2-1: Ball 3-1: Foul Ball, location: 2F 3-2: Base on Balls
|
Batting: RHB Frederick Curtis
|
0-0: Foul Ball, location: 2F 0-1: Ball 1-1: Ball 2-1: Called Strike 2-2: Fielders Choice at 2nd, 6-4 (Groundball, 6)
|
Top of the 7th over - 0 run(s), 0 hit(s), 0 error(s), 2 left on base; Montgomery 2 - Key West 1 |
BOTTOM OF THE 7TH |
Key West Barracudas batting - Pitching for Montgomery Biscuits : RHP Gabriel Oliuo
|
Now at 2B: Reinaldo Amarante
|
|
Now in LF: Bob McDonald
|
|
Batting: RHB Ramón Díaz
|
0-0: Ball 1-0: Swinging Strike 1-1: Foul Ball, location: 2F 1-2: Foul Ball, location: 2F 1-2: Ball 2-2: SOLO HOME RUN (Flyball, 78XD), Distance : 407 ft
|
Batting: SHB Jacob Knapp
|
0-0: Called Strike 0-1: Swinging Strike 0-2: Ball 1-2: Ball 2-2: Strikes out swinging
|
Pitching: RHP Enrique Boyd
|
|
Batting: RHB Anastasio Zartuche
|
0-0: Ball 1-0: Ball 2-0: Ball 3-0: Base on Balls
|
Batting: LHB Mauro Díaz
|
0-0: Ground out 5-3 (Groundball, 25) Anastasio Zartuche to second
|
Pinch Hitting: LHB Daniel Byrd
|
0-0: Intentional Walk
|
Pinch Hitting: RHB Domingo Hernández
|
0-0: Called Strike 0-1: Fly out, F9 (Flyball, 89M)
|
Bottom of the 7th over - 1 run(s), 1 hit(s), 0 error(s), 2 left on base; Montgomery 2 - Key West 2 |
TOP OF THE 8TH |
Montgomery Biscuits batting - Pitching for Key West Barracudas : RHP Dennis Grange
|
Pitching: LHP Josh Chamberlain
|
|
Now at SS: Richard Sanders
|
|
Now in CF: Gary Duffy
|
|
Batting: SHB Joe Pierce
|
0-0: Ball 1-0: Swinging Strike 1-1: Called Strike 1-2: Foul Ball, location: 2F 1-2: Ball 2-2: Strikes out swinging
|
Batting: SHB Wilson Bray
|
0-0: Foul Ball, location: 2F 0-1: Called Strike 0-2: Foul Ball, location: 2F 0-2: DOUBLE (Line Drive, 78D)
|
Batting: SHB Kenneth Cruz
|
0-0: SINGLE (Groundball, 6MD) Wilson Bray to third Runner from 3rd tries for Home, SAFE, throw made home
|
Batting: RHB Reinaldo Amarante
|
0-0: Ball 1-0: Ball 2-0: Fly out, F7 (Line Drive, 78M)
|
Batting: RHB Bob McDonald
|
0-0: Called Strike 0-1: Ball 1-1: SINGLE (Flyball, 34D) Kenneth Cruz to second Runner from 2nd tries for 3rd, SAFE, no throw
|
Batting: RHB Glen MacDonald
|
0-0: Ball 1-0: Ball 2-0: Called Strike 2-1: Ball 3-1: Swinging Strike 3-2: Strikes out looking
|
Top of the 8th over - 1 run(s), 3 hit(s), 0 error(s), 2 left on base; Montgomery 3 - Key West 2 |
BOTTOM OF THE 8TH |
Key West Barracudas batting - Pitching for Montgomery Biscuits : RHP Enrique Boyd
|
Now at C: Lawrence Davidson
|
|
Batting: SHB Héctor Jiménez
|
0-0: Ground out 4-3 (Groundball, 4)
|
Batting: RHB Frederick Chamberlain
|
0-0: Foul Ball, location: 2F 0-1: SINGLE (Groundball, 6MD)
|
Batting: SHB Dan Dunn
|
0-0: Ball 1-0: Ball 2-0: Foul Ball, location: 2F 2-1: Foul Ball, location: 2F 2-2: Fly out, F4 (Popup, 3D)
|
Batting: RHB Ramón Díaz
|
0-0: Ball 1-0: Called Strike 1-1: Foul Ball, location: 2F 1-2: Fielders Choice at 2nd, 4-6 (Groundball, 4)
|
Bottom of the 8th over - 0 run(s), 1 hit(s), 0 error(s), 0 left on base; Montgomery 3 - Key West 2 |
TOP OF THE 9TH |
Montgomery Biscuits batting - Pitching for Key West Barracudas : LHP Josh Chamberlain
|
Pitching: RHP Gerald Núñez
|
|
Batting: SHB Lawrence Farley
|
0-0: Called Strike 0-1: Swinging Strike 0-2: Ball 1-2: Strikes out swinging
|
Batting: RHB Lorenzo Tamayo
|
0-0: Ball 1-0: Ball 2-0: Ball 3-0: Base on Balls
|
Batting: RHB Frederick Curtis
|
0-0: Grounds into double play, 5-4-3 (Groundball, 56)
|
Top of the 9th over - 0 run(s), 0 hit(s), 0 error(s), 0 left on base; Montgomery 3 - Key West 2 |
BOTTOM OF THE 9TH |
Key West Barracudas batting - Pitching for Montgomery Biscuits : RHP Enrique Boyd
|
Pitching: RHP Clancy Steele
|
|
Batting: SHB Jacob Knapp
|
0-0: Foul Ball, location: 2F 0-1: Ball 1-1: Ball 2-1: Fly out, F8 (Flyball, 8RS)
|
Batting: RHB Anastasio Zartuche
|
0-0: Called Strike 0-1: Ball 1-1: DOUBLE (Line Drive, 7LM)
|
Batting: LHB Mauro Díaz
|
0-0: Foul Ball, location: 2F 0-1: Called Strike 0-2: Strikes out swinging, 2-3 out at first.
|
Batting: RHB Gary Duffy
|
0-0: Ball 1-0: Called Strike 1-1: Called Strike 1-2: Ball 2-2: Foul Ball, location: 2F 2-2: Strikes out looking
|
Bottom of the 9th over - 0 run(s), 1 hit(s), 0 error(s), 1 left on base; Montgomery 3 - Key West 2 |
|